[Event "FIDE Open World Rapid 2024"]
[Site "New York"]
[Date "2024.12.27"]
[Round "6.25"]
[White "Theodorou, Nikolas"]
[Black "Wei, Yi"]
[Result "1-0"]
[ECO "D87"]
[WhiteElo "2600"]
[BlackElo "2753"]
[Annotator "TA"]
[PlyCount "117"]
[EventDate "2024.12.14"]
[EventType "swiss"]
[EventCountry "USA"]
[SourceTitle "playchess.com"]
[Source "ChessBase"]
[SourceQuality "1"]
[TimeControl "900+10"]

1. d4 Nf6 2. c4 g6 3. Nc3 d5 4. cxd5 Nxd5 5. e4 Nxc3 6. bxc3 Bg7 7. Bc4 c5 8. Ne2 O-O 9. O-O Nc6 10. Be3 b6 11. h4 e6 12. h5 Qh4 13. Qc1 cxd4 14. cxd4 Qxh5 15. Rb1 Bb7 16. Bb5 Nxd4 17. Nxd4 Rac8 18. Qd1 Qh4 19. Bd3 Rfd8 20. Nf3 Qg4 21. Ng5 Qxd1 22. Rbxd1 h6 23. Nf3 g5 24. Bb1 Ba6 {[%emt 0:00:13] [#]} 25. Rfe1 $1 (25. Rxd8+ $6 Rxd8 26. Rc1 Bb2 $11) 25... g4 {[%emt 0:00:16] [#]} 26. Nd4 $1 h5 27. a4 Rc4 28. Nb5 Ra8 29. Bd3 Rxa4 30. Nc7 Bxd3 31. Nxa8 Bxe4 32. Nc7 Be5 33. Nb5 Bf6 (33... Bc6 $142) 34. Bd4 $18 Bxd4 35. Rxd4 (35. Rxe4 Bxf2+ 36. Kxf2 Rxe4 37. Nxa7 h4 $11) (35. Nxd4 Bd5 $18) 35... Rxd4 36. Nxd4 Bd3 37. Rc1 b5 38. Rc8+ Kg7 39. Ra8 e5 40. Nb3 f5 (40... Kf6 {is a better defense.} 41. Rxa7 h4 42. Ra6+ Kf5) 41. Rxa7+ $18 Kf6 42. Ra6+ Kg5 43. Nc5 Bc4 44. Ne6+ Kf6 45. Nc7+ Kg5 46. Rb6 h4 47. Nxb5 g3 48. Nd6 Ba2 49. Rb2 Be6 50. Rb5 Kf4 51. f3 e4 52. fxe4 fxe4 53. Rh5 h3 54. Rh4+ Kg5 55. Rxe4 ({Stronger than} 55. Nxe4+ Kxh4 56. gxh3 Kxh3 $11) 55... h2+ 56. Kh1 Bd7 57. Rd4 Bc6 58. Nc4 Bb7 59. Ne3 1-0

[Event "FIDE Open World Rapid 2024"]
[Site "New York"]
[Date "2024.12.27"]
[Round "6.25"]
[White "Degenbaev, Aziz"]
[Black "Brodsky, David"]
[Result "1/2-1/2"]
[ECO "C55"]
[WhiteElo "2260"]
[BlackElo "2538"]
[Annotator "ChessBase"]
[PlyCount "117"]
[EventDate "2024.12.14"]
[EventType "swiss"]
[EventCountry "USA"]
[SourceTitle "playchess.com"]
[Source "ChessBase"]
[SourceQuality "1"]
[TimeControl "900+10"]

1. e4 e5 2. Nf3 Nc6 3. Bc4 Nf6 4. d3 Be7 5. Nc3 d6 6. h3 Na5 7. Bb3 Nxb3 8. axb3 O-O 9. O-O h6 10. d4 exd4 11. Qxd4 b6 12. Be3 Bb7 13. Rad1 Re8 14. Rfe1 Nd7 15. Qa4 Bf6 16. Bd4 Nc5 17. Bxc5 bxc5 18. Rd3 Re6 19. Nd5 Bxd5 20. exd5 Rxe1+ 21. Nxe1 Bxb2 22. Nf3 Qe8 23. Qa5 Qd7 24. Re3 Bf6 25. Qa6 g6 26. Re2 Kg7 27. Qb7 Qc8 28. Qc6 a5 29. Re4 Rb8 30. Nd2 Rb6 31. Re8 Qb7 32. Qxb7 Rxb7 33. Ra8 Bc3 34. Nc4 Kf6 35. Kf1 Kf5 36. Ke2 Ke4 37. Ne3 Be5 38. Rxa5 Bd4 39. Ra4 Ke5 40. Ng4+ Kxd5 41. Nxh6 c6 42. Ng4 f5 43. Ne3+ Ke6 44. Ra6 f4 45. Ng4 Kd5 46. Kd3 Re7 47. c3 Bg7 48. c4+ Ke6 49. Rxc6 Rb7 50. Ke4 g5 51. Rc8 Rxb3 52. Rg8 Rb7 53. Re8+ Kf7 54. Rc8 Ke6 55. Re8+ Kd7 56. Rg8 Kc6 57. Rc8+ Kd7 58. Rg8 Ke6 59. Re8+ 1/2-1/2

[Event "FIDE Open World Rapid 2024"]
[Site "New York"]
[Date "2024.12.27"]
[Round "6.26"]
[White "Nepomniachtchi, Ian"]
[Black "Rakhmanov, Aleksandr"]
[Result "1-0"]
[ECO "B01"]
[WhiteElo "2755"]
[BlackElo "2585"]
[Annotator "TA"]
[PlyCount "111"]
[EventDate "2024.12.14"]
[EventType "swiss"]
[EventCountry "USA"]
[SourceTitle "playchess.com"]
[Source "ChessBase"]
[SourceQuality "1"]
[TimeControl "900+10"]

1. e4 d5 2. exd5 Qxd5 3. Nc3 Qd8 4. d4 Nf6 5. Nf3 Bg4 6. h3 Bxf3 {[%emt 0:00:01] B01: Scandinavian Defence.} 7. Qxf3 c6 8. g4 h6 9. Be3 e6 10. a3 $146 ({Predecessor:} 10. O-O-O Bb4 11. Ne4 Nxe4 12. Qxe4 Qd5 13. Qxd5 cxd5 14. Bd3 Nc6 15. f4 Be7 16. c3 {½-½ Urazayev,A (2466)-Rakhmanov,A (2596) Karaganda Akim Cup 2024 (6)}) 10... Nd5 11. Nxd5 Qxd5 12. Bg2 Bd6 13. O-O Qxf3 14. Bxf3 Nd7 15. c4 a6 16. b4 Ke7 17. Rfe1 Rac8 18. Rab1 Nf6 19. a4 b5 $1 20. axb5 axb5 21. c5 Bb8 22. Ra1 Kd7 23. Ra6 Nd5 24. Bxd5 exd5 25. Rea1 g5 26. Kg2 f6 27. h4 gxh4 28. Kh3 h5 29. gxh5 Rxh5 30. Rb6 Rhh8 31. Rg1 Rcg8 32. Rb7+ Ke6 33. Re1 $2 (33. Ra1 $1 $11) 33... Kf5 $19 34. Rb6 Rc8 35. Bd2 Bf4 $2 (35... Rhg8 $19 {aiming for ...Rg4.} 36. Rb7 Bf4 37. Bxf4 Kxf4) 36. Bxf4 $11 Kxf4 37. Re6 f5 38. Rbxc6 Rxc6 39. Rxc6 Ke4 40. Rb6 Kxd4 41. Rxb5 Kc4 42. Rb7 Rc8 (42... d4 {keeps more tension.} 43. c6 d3 44. Rd7 Rc8) 43. Kxh4 d4 (43... Kc3 $11) 44. Kg5 $16 d3 {[%emt 0:00:08] [#]} 45. Rd7 $1 (45. Kxf5 Rd8 46. Rh7 d2 $19 (46... Kxb4 47. c6 $11)) 45... Kxb4 $2 (45... f4) 46. Rxd3 $18 ({Worse is} 46. Kxf5 Kc3 $11 (46... Rxc5+ 47. Ke4 $11)) 46... Rxc5 47. f4 Kc4 48. Rd6 Ra5 49. Rf6 Kd4 50. Rxf5 Ra8 51. Rf7 Ke4 52. Re7+ Kf3 53. f5 Rg8+ 54. Kh6 Kf4 55. f6 Kf5 56. f7 1-0

[Event "FIDE Open World Rapid 2024"]
[Site "New York"]
[Date "2024.12.27"]
[Round "6.26"]
[White "Karthik Venkataraman"]
[Black "Chanda, Sandipan"]
[Result "1-0"]
[ECO "B90"]
[WhiteElo "2603"]
[BlackElo "2480"]
[Annotator "ChessBase"]
[PlyCount "101"]
[EventDate "2024.12.14"]
[EventType "swiss"]
[EventCountry "USA"]
[SourceTitle "playchess.com"]
[Source "ChessBase"]
[SourceQuality "1"]
[TimeControl "900+10"]

1. e4 c5 2. Nf3 d6 3. d4 cxd4 4. Nxd4 Nf6 5. Nc3 a6 6. Nb3 Nbd7 7. g4 h6 8. Bg2 b5 9. a3 Bb7 10. h4 Nc5 11. Nxc5 dxc5 12. Qe2 e6 13. Bf4 Be7 14. g5 hxg5 15. hxg5 Rxh1+ 16. Bxh1 Nd7 17. Qh5 b4 18. Ne2 Nf8 19. Qh8 g6 20. Qe5 Rc8 21. Rd1 Qa5 22. axb4 Qxb4+ 23. Bd2 Qb6 24. Bc3 Qc7 25. Qxc7 Rxc7 26. f4 Nd7 27. Kf2 e5 28. Kg3 exf4+ 29. Kxf4 Nf8 30. Bf6 Ne6+ 31. Kg4 Rd7 32. Rxd7 Kxd7 33. Bf3 Bxf6 34. gxf6 Nf8 35. Nf4 Ne6 36. Nd3 a5 37. Ne5+ Ke8 38. Nc4 Kd7 39. Ne5+ Ke8 40. Nc4 Kd7 41. Nxa5 Ba6 42. e5 Nc7 43. Nb3 Ke6 44. Kf4 g5+ 45. Kxg5 c4 46. Nc5+ Kxe5 47. Bh5 Ne6+ 48. Nxe6 Kxe6 49. Be2 Kd5 50. c3 Bc8 51. Kh6 1-0

[Event "FIDE Open World Rapid 2024"]
[Site "New York"]
[Date "2024.12.27"]
[Round "6.27"]
[White "So, Wesley"]
[Black "Vokhidov, Shamsiddin"]
[Result "1-0"]
[ECO "B13"]
[WhiteElo "2747"]
[BlackElo "2681"]
[Annotator "TA"]
[PlyCount "117"]
[EventDate "2024.12.14"]
[EventType "swiss"]
[EventCountry "USA"]
[SourceTitle "playchess.com"]
[Source "ChessBase"]
[SourceQuality "1"]
[TimeControl "900+10"]

1. d4 Nf6 2. Nc3 d5 3. Bf4 c5 4. e3 cxd4 5. exd4 a6 6. Nf3 Nc6 7. Ne5 Bd7 8. Be3 {[%emt 0:02:57] The position is equal.} e6 9. Bd3 Bd6 10. Nxc6 Bxc6 11. O-O O-O 12. Re1 Rc8 13. Bg5 h6 14. Bh4 Be7 (14... g5 $5 15. Bg3 $8 Bxg3 16. hxg3 Qb6 $11) 15. Qd2 Qb6 16. Rab1 Ne4 (16... Qxd4 $2 17. Bh7+ Nxh7 18. Qxd4 $18) 17. Nxe4 (17. Bxe4 Bxh4 18. Bf3 Bg5 $17) 17... Bxh4 18. Ng3 Bg5 (18... Qxd4 $2 19. Bh7+ Kxh7 20. Qxd4 $18) 19. Qd1 Ba4 (19... Qxd4 $2 20. Bh7+ Kxh7 21. Qxd4 $18) 20. Ne2 Rc7 21. Nc3 Bd7 (21... Qxd4 $2 {loses.} 22. Bh7+ Kxh7 23. Qxd4 $18) 22. Ne2 Qd6 23. c3 b5 24. g3 b4 25. h4 Bf6 26. Qd2 a5 27. Nf4 bxc3 28. bxc3 Rfc8 29. Rec1 a4 30. Bf1 Qa3 31. Ba6 Ra8 32. Bf1 Be7 33. Rc2 Bd6 34. Ng2 Rac8 35. Ba6 Ra8 36. Bf1 Rac8 37. Ba6 Rd8 38. Ne3 Be7 39. Bd3 Qd6 40. Ng4 Be8 41. Ne5 Rcc8 42. Rcb2 Qa3 43. Rc2 Rb8 {[%emt 0:00:02] Prevents c4} 44. Rcb2 Bd6 45. Rxb8 Rxb8 46. Rxb8 Bxb8 47. Ng4 Kf8 48. c4 (48. Nxh6 $11 gxh6 49. Qxh6+ Ke7 50. h5 Qxc3 (50... Qxa2 51. Qg5+ Kd7 52. h6 $18) 51. Qg5+ Kf8 52. Qh6+ Ke7 53. Qg5+ Kf8 54. h6 Qxd3 55. Qg7+ Ke7 56. h7) 48... dxc4 $17 49. Bxc4 Ba7 (49... Bxg3 $5 50. fxg3 Qxg3+ 51. Qg2 Qc3 $11 (51... Qxh4 52. Qf3 $15)) 50. Qf4 {[%emt 0:01:09][%cal Od4d5] Inhibits Qd6.} Qe7 (50... Qb4 {keeps more tension.} 51. Ne3 Bc6 52. Qc7 Qb1+) 51. Ne5 {[%emt 0:00:23] [#] Against Qd7. Ng6+ is the strong threat.} Kg8 52. Qe4 {[%emt 0:00:02] Wards off Qb7} Qd8 53. d5 exd5 54. Bxd5 Qd6 55. Kg2 {[%emt 0:00:13][%cal Oe5f7] Hoping for Nxf7!} Kf8 56. Bc6 Qd4 $2 {[%emt 0:00:38][%mdl 8192] [#]} (56... Bxc6 $11 57. Nxc6 Bxf2 58. Kxf2 Qf6+ 59. Ke1 Qa1+ 60. Kd2 Qxa2+ 61. Qc2 Qd5+ 62. Kc1 Qb5) 57. Ng6+ $1 {[%emt 0:00:06][%mdl 512] White mates.} Kg8 58. Qxe8+ Kh7 59. Nf8+ {[%emt 0:00:01] Weighted Error Value: White=0.09 (flawless) /Black=0.19 (very precise) .  Loses game:     	---       	Black=1      Mistake:       	White=1     	---        Inaccurate:     	White=2     	Black=6      OK:         	White=23    	Black=19     Best:        	White=1     	Black=2      Brilliant:      	White=1     	---} 1-0

[Event "FIDE Open World Rapid 2024"]
[Site "New York"]
[Date "2024.12.27"]
[Round "6.27"]
[White "Thavandiran, Shiyam"]
[Black "Bezold, Michael"]
[Result "0-1"]
[ECO "B40"]
[WhiteElo "2410"]
[BlackElo "2469"]
[Annotator "ChessBase"]
[PlyCount "90"]
[EventDate "2024.12.14"]
[EventType "swiss"]
[EventCountry "USA"]
[SourceTitle "playchess.com"]
[Source "ChessBase"]
[SourceQuality "1"]
[TimeControl "900+10"]

1. e4 c5 2. Nf3 e6 3. g3 Nc6 4. Bg2 Nf6 5. Qe2 d5 6. exd5 Nxd5 7. O-O Be7 8. Rd1 Bf6 9. Nc3 O-O 10. Ne4 Nd4 11. Nxd4 cxd4 12. c4 Nb4 13. Nxf6+ Qxf6 14. d3 Nc6 15. Rb1 a5 16. b3 Bd7 17. a3 Rab8 18. Bd2 Rfe8 19. Rdc1 e5 20. b4 axb4 21. axb4 b5 22. Ra1 bxc4 23. Rxc4 Rb6 24. Qe1 h6 25. Qc1 Reb8 26. Rb1 Ne7 27. f4 Ng6 28. Rc7 Bf5 29. Bd5 Be6 30. Be4 exf4 31. gxf4 Rb5 32. Rc5 Nh4 33. Rxb5 Rxb5 34. Ra1 Bf5 35. Qc6 Bxe4 36. Ra8+ Kh7 37. Qxe4+ Rf5 38. Be1 Qg6+ 39. Bg3 Qg4 40. Kf2 Ng6 41. Qe8 Nxf4 42. Ke1 Re5+ 43. Qxe5 Nxd3+ 44. Kd2 Nxe5 45. Bxe5 Qg2+ 0-1

[Event "FIDE Open World Rapid 2024"]
[Site "New York"]
[Date "2024.12.27"]
[Round "6.28"]
[White "Praggnanandhaa R"]
[Black "Woodward, Andy"]
[Result "1-0"]
[ECO "B90"]
[WhiteElo "2737"]
[BlackElo "2530"]
[Annotator "TA"]
[PlyCount "59"]
[EventDate "2024.12.14"]
[EventType "swiss"]
[EventCountry "USA"]
[SourceTitle "playchess.com"]
[Source "ChessBase"]
[SourceQuality "1"]
[TimeControl "900+10"]

1. e4 c5 2. Nf3 d6 3. d4 cxd4 4. Nxd4 Nf6 5. Nc3 a6 6. Bd2 e5 7. Nf5 {[%emt 0:00:11] [#]} Nxe4 $1 8. Nxg7+ Bxg7 9. Nxe4 d5 10. Ng3 Nc6 11. Be2 Be6 12. O-O f5 13. Nh5 Rg8 14. b4 Bh8 15. f4 (15. c3 $15) 15... e4 $17 16. Rb1 d4 17. a4 Ne7 18. b5 a5 19. b6 Nd5 20. Ng3 Nc3 (20... Nxb6 21. Rb5 $14) (20... Qc8 $17 21. Bb5+ Kf8) 21. Bxc3 $11 dxc3 22. Bb5+ Kf8 {[%emt 0:00:07] ...Bd4+ is the strong threat.} 23. Qh5 {[%emt 0:00:07][%csl LRf5,LRh7] And now Qh6+ would win.} Qxb6+ $2 (23... Bd4+ $11 {and Black is okay.} 24. Kh1 Qf6) 24. Kh1 $18 Qc5 $2 {[%emt 0:00:15] Against Bc4} (24... Rxg3 {was necessary.} 25. hxg3 Qd6) 25. Nxe4 ({Not} 25. Qxh7 Qe7 26. Qh3 Qf7 $16) 25... Qd5 26. Ng5 Bf6 27. Rbd1 Qa2 28. Qh6+ Ke7 29. Nxe6 Qxc2 30. Rd7+ 1-0

[Event "FIDE Open World Rapid 2024"]
[Site "New York"]
[Date "2024.12.27"]
[Round "6.28"]
[White "Hungaski, Robert"]
[Black "Moradiabadi, Elshan"]
[Result "0-1"]
[ECO "A00"]
[WhiteElo "2477"]
[BlackElo "2512"]
[Annotator "ChessBase"]
[PlyCount "62"]
[EventDate "2024.12.14"]
[EventType "swiss"]
[EventCountry "USA"]
[SourceTitle "playchess.com"]
[Source "ChessBase"]
[SourceQuality "1"]
[TimeControl "900+10"]

1. b4 e5 2. Bb2 Bxb4 3. Bxe5 Nf6 4. c3 Be7 5. g3 Nc6 6. Bxf6 Bxf6 7. Bg2 O-O 8. d4 b5 9. e3 Rb8 10. Ne2 b4 11. c4 Na5 12. Nd2 c5 13. Rc1 cxd4 14. exd4 Re8 15. O-O Bb7 16. d5 Ba6 17. Re1 Bg5 18. c5 b3 19. f4 b2 20. Rb1 Bf6 21. Ne4 Nc4 22. Qd3 Qa5 23. N2c3 Na3 24. Nxf6+ gxf6 25. Qd4 Nxb1 26. Rxb1 Rb4 27. Qxf6 Qxc5+ 28. Kh1 Qd4 29. Qg5+ Qg7 30. h4 Qxg5 31. hxg5 Bd3 0-1

[Event "FIDE Open World Rapid 2024"]
[Site "New York"]
[Date "2024.12.27"]
[Round "6.29"]
[White "Anton Guijarro, David"]
[Black "Jumabayev, Rinat"]
[Result "0-1"]
[ECO "B22"]
[WhiteElo "2673"]
[BlackElo "2573"]
[Annotator "ChessBase"]
[PlyCount "112"]
[EventDate "2024.12.14"]
[EventType "swiss"]
[EventCountry "USA"]
[SourceTitle "playchess.com"]
[Source "ChessBase"]
[SourceQuality "1"]
[TimeControl "900+10"]

1. e4 c5 2. Nf3 e6 3. c3 Nf6 4. e5 Nd5 5. d4 cxd4 6. cxd4 d6 7. Bc4 Nb6 8. Bd3 Bd7 9. O-O Bc6 10. Nc3 N8d7 11. exd6 Bxd6 12. Re1 O-O 13. Bc2 Nd5 14. a3 Re8 15. Qd3 Nf8 16. Bg5 Qd7 17. Ne4 f6 18. Be3 Rad8 19. Rad1 Bb8 20. Bc1 Qf7 21. Ng3 a6 22. Bb3 Qg6 23. Qe2 Bb5 24. Bc4 Bxc4 25. Qxc4 Rc8 26. Qb3 Qf7 27. Ne4 b6 28. Qd3 a5 29. Bd2 Qd7 30. Qb3 Ng6 31. h4 h5 32. Nc3 Nge7 33. a4 Bd6 34. Re2 Bb4 35. Rde1 Rc6 36. g3 Kf7 37. Ne4 Bxd2 38. Nfxd2 Nb4 39. Qf3 Nc2 40. Qxh5+ Kg8 41. Nf3 Nxe1 42. Rxe1 Nd5 43. Nfd2 Rec8 44. Kh2 Rc2 45. b3 f5 46. Ng5 Nf6 47. Qe2 e5 48. Kg1 Qxd4 49. Ngf3 Qd5 50. Qxe5 Qxe5 51. Rxe5 Rd8 52. Nf1 f4 53. gxf4 Ng4 54. Rg5 Nxf2 55. Ne3 Nh3+ 56. Kh1 Nxg5 0-1

[Event "FIDE Open World Rapid 2024"]
[Site "New York"]
[Date "2024.12.27"]
[Round "6.29"]
[White "Damjanovic, Vuk"]
[Black "Dlugy, Maxim"]
[Result "1-0"]
[ECO "A01"]
[WhiteElo "2368"]
[BlackElo "2514"]
[Annotator "ChessBase"]
[PlyCount "81"]
[EventDate "2024.12.14"]
[EventType "swiss"]
[EventCountry "USA"]
[SourceTitle "playchess.com"]
[Source "ChessBase"]
[SourceQuality "1"]
[TimeControl "900+10"]

1. b3 a5 2. Bb2 a4 3. b4 e5 4. a3 d6 5. c4 Nd7 6. Nc3 Nb6 7. e3 c5 8. Nf3 Be6 9. d3 f6 10. Be2 Ne7 11. O-O Nc6 12. Nd2 d5 13. b5 Ne7 14. e4 d4 15. Nd5 Nexd5 16. exd5 Bf7 17. Bg4 Bd6 18. Ne4 g6 19. Qd2 f5 20. Nxd6+ Qxd6 21. f4 exf4 22. Rae1+ Kd7 23. Qxf4 Qxf4 24. Rxf4 Rae8 25. Ref1 Re3 26. Bc1 Re5 27. Bd1 h5 28. Bd2 Ra8 29. h3 Nc8 30. g4 hxg4 31. hxg4 Nd6 32. gxf5 gxf5 33. Rh4 Rg8+ 34. Kf2 Ree8 35. b6 Ra8 36. Bf4 Ne8 37. Rh7 Rg7 38. Rfh1 Ke7 39. Re1+ Kf6 40. Be5+ Kg6 41. Rxg7+ 1-0

[Event "FIDE Open World Rapid 2024"]
[Site "New York"]
[Date "2024.12.27"]
[Round "6.30"]
[White "Gelfand, Boris"]
[Black "Makarian, Rudik"]
[Result "1/2-1/2"]
[ECO "A08"]
[WhiteElo "2657"]
[BlackElo "2547"]
[Annotator "ChessBase"]
[PlyCount "112"]
[EventDate "2024.12.14"]
[EventType "swiss"]
[EventCountry "USA"]
[SourceTitle "playchess.com"]
[Source "ChessBase"]
[SourceQuality "1"]
[TimeControl "900+10"]

1. Nf3 d5 2. g3 c5 3. Bg2 f6 4. d4 cxd4 5. Nxd4 e5 6. Nb3 Ne7 7. O-O Nbc6 8. Nc3 Be6 9. a4 h5 10. Nc5 Bc8 11. a5 Rb8 12. a6 bxa6 13. Nxa6 Rb6 14. Nc5 h4 15. N5a4 Rb4 16. e4 hxg3 17. hxg3 Bh3 18. Bxh3 Rxh3 19. Nxd5 Rxe4 20. Nxe7 Qxd1 21. Rxd1 Bxe7 22. Nc3 Rc4 23. Ra6 Rh8 24. Be3 Kf7 25. Bxa7 Ra8 26. Rda1 Nb4 27. R6a4 Rc7 28. Be3 Rxa4 29. Rxa4 Nxc2 30. Ra7 Rxa7 31. Bxa7 Ke6 32. Kf1 f5 33. Ke2 g5 34. Kd3 Nb4+ 35. Kc4 g4 36. Na4 Nc6 37. Bc5 f4 38. Bxe7 Nxe7 39. Nc5+ Kf5 40. b4 e4 41. gxf4 e3 42. Kd3 exf2 43. Ke2 g3 44. Nd3 Nd5 45. Nxf2 Kxf4 46. Kf1 Kf3 47. Nd3 Nc3 48. Ne1+ Kg4 49. Kg2 Nd5 50. Nd3 Ne3+ 51. Kg1 Kf3 52. b5 Nd5 53. Ne5+ Ke4 54. Kg2 Kxe5 55. Kxg3 Kd6 56. b6 Nxb6 1/2-1/2

[Event "FIDE Open World Rapid 2024"]
[Site "New York"]
[Date "2024.12.27"]
[Round "6.30"]
[White "Benjamin, Joel"]
[Black "Gaehwiler, Gabriel"]
[Result "1-0"]
[ECO "B22"]
[WhiteElo "2473"]
[BlackElo "2392"]
[Annotator "ChessBase"]
[PlyCount "87"]
[EventDate "2024.12.14"]
[EventType "swiss"]
[EventCountry "USA"]
[SourceTitle "playchess.com"]
[Source "ChessBase"]
[SourceQuality "1"]
[TimeControl "900+10"]

1. e4 c5 2. c3 d5 3. exd5 Nf6 4. Bb5+ Nbd7 5. d4 a6 6. Be2 Nxd5 7. Nf3 e6 8. c4 N5f6 9. Nc3 Be7 10. O-O b6 11. d5 exd5 12. Nxd5 Bd6 13. Nh4 O-O 14. Nf5 Be5 15. f4 Bb8 16. Nde7+ Kh8 17. Bf3 Ra7 18. Nc6 Qc7 19. Nxa7 Qxa7 20. Bd2 b5 21. Qc2 Nb6 22. cxb5 Bxf5 23. Qxf5 Nc4 24. Bc3 Ne3 25. Qg5 h6 26. Qh4 Nf5 27. Qf2 Bxf4 28. Rae1 Nd4 29. bxa6 Qxa6 30. Be2 Nxe2+ 31. Qxe2 Qd6 32. g3 Bg5 33. Qe7 Qb8 34. Qxc5 Rc8 35. Qf2 Ng4 36. Qxf7 Qb6+ 37. Kh1 Nf6 38. Qe6 Qb7+ 39. Kg1 Qa7+ 40. Kg2 Qb7+ 41. Kh3 Re8 42. Qf5 Ne4 43. Qg6 Qd7+ 44. Kg2 1-0

[Event "FIDE Open World Rapid 2024"]
[Site "New York"]
[Date "2024.12.27"]
[Round "6.31"]
[White "Andriasian, Zaven"]
[Black "Isanzhulov, Arystan"]
[Result "0-1"]
[ECO "C24"]
[WhiteElo "2554"]
[BlackElo "2395"]
[Annotator "ChessBase"]
[PlyCount "82"]
[EventDate "2024.12.14"]
[EventType "swiss"]
[EventCountry "USA"]
[SourceTitle "playchess.com"]
[Source "ChessBase"]
[SourceQuality "1"]
[TimeControl "900+10"]

1. e4 e5 2. Bc4 Nf6 3. d3 c6 4. Nf3 d5 5. Bb3 Bb4+ 6. c3 Bd6 7. Nbd2 Nbd7 8. O-O O-O 9. Re1 Re8 10. h3 h6 11. Nf1 dxe4 12. dxe4 Nc5 13. Bc2 a5 14. Ng3 Bc7 15. Qe2 Nh7 16. Be3 Ne6 17. Rad1 Qf6 18. Nf5 Nhf8 19. Nh2 Qg6 20. Ng4 Nf4 21. Bxf4 exf4 22. Qf3 Nh7 23. h4 Nf6 24. Nxf6+ Qxf6 25. h5 Qg5 26. Bb3 Bxf5 27. exf5 Qxf5 28. g4 Qf6 29. Kg2 Rxe1 30. Rxe1 Rd8 31. a4 Qh4 32. Bc2 Qf6 33. Kh3 Kf8 34. Qe4 g6 35. hxg6 fxg6 36. Bb3 Bb6 37. Qf3 h5 38. gxh5 Qf5+ 39. Kh2 Rd3 40. Qg2 Qxh5+ 41. Kg1 Rg3 0-1

[Event "FIDE Open World Rapid 2024"]
[Site "New York"]
[Date "2024.12.27"]
[Round "6.31"]
[White "Rosen, Eric"]
[Black "Dragnev, Valentin"]
[Result "1/2-1/2"]
[ECO "D02"]
[WhiteElo "2377"]
[BlackElo "2563"]
[Annotator "ChessBase"]
[PlyCount "57"]
[EventDate "2024.12.14"]
[EventType "swiss"]
[EventCountry "USA"]
[SourceTitle "playchess.com"]
[Source "ChessBase"]
[SourceQuality "1"]
[TimeControl "900+10"]

1. d4 Nf6 2. Bf4 d5 3. Nf3 Bf5 4. c4 e6 5. Qb3 Nbd7 6. e3 Bd6 7. Bxd6 cxd6 8. cxd5 Nxd5 9. Nbd2 Bg6 10. Be2 O-O 11. O-O N5b6 12. Rac1 Nf6 13. Bd3 Bh5 14. Rfe1 Qe7 15. Qa3 Nbd5 16. e4 Bxf3 17. Nxf3 Nf4 18. e5 N6d5 19. exd6 Qd8 20. Be4 Qb6 21. g3 Nh5 22. Bxd5 exd5 23. Rc7 Nf6 24. Ree7 Rab8 25. b3 Ne8 26. Rcd7 Nf6 27. Rc7 Ne8 28. Rcd7 Nf6 29. Rc7 1/2-1/2

[Event "FIDE Open World Rapid 2024"]
[Site "New York"]
[Date "2024.12.27"]
[Round "6.32"]
[White "Niemann, Hans Moke"]
[Black "Svane, Frederik"]
[Result "1/2-1/2"]
[ECO "C54"]
[WhiteElo "2734"]
[BlackElo "2668"]
[Annotator "TA"]
[PlyCount "128"]
[EventDate "2024.12.14"]
[EventType "swiss"]
[EventCountry "USA"]
[SourceTitle "playchess.com"]
[Source "ChessBase"]
[SourceQuality "1"]
[TimeControl "900+10"]

1. e4 e5 2. Nf3 Nc6 3. Bc4 Bc5 4. c3 Nf6 5. d3 O-O 6. Nbd2 a5 {[%emt 0:00:22] C54: Giuoco Piano: 4 c3 Nf6, main lines with 5 d4 and 5 d3.} 7. O-O d6 8. h3 Be6 9. Bb5 Ba7 $1 {[%emt 0:00:19][%mdl 4] is now more promising than 9...h6.} 10. Re1 Ne7 11. d4 Ng6 12. Ba4 Nh5 13. Nf1 Nhf4 14. Ng3 exd4 15. cxd4 d5 16. Bxf4 Nxf4 17. Qd2 dxe4 18. Rxe4 Ng6 19. Bb3 Bd5 20. Bxd5 Qxd5 21. Rae1 Rad8 22. h4 f5 23. Re6 $146 ({Predecessor:} 23. R4e2 f4 24. Ne4 Bxd4 25. Qc2 h6 26. Qxc7 Rd7 27. Qc2 Qc6 28. Qxc6 bxc6 29. Rd2 {1-0 Niemann,H (2692)-Vrolijk,L (2573) Tata Steel-B 86th 2024 (1)}) 23... f4 24. Nf1 Bxd4 25. h5 Nh8 26. Qxd4 Qxd4 27. Nxd4 Rxd4 28. Nh2 Rd7 29. Nf3 Nf7 30. Re7 Rxe7 31. Rxe7 Rc8 32. Kf1 g6 33. hxg6 hxg6 34. Rd7 Kf8 35. Rd4 Rd8 36. Rxf4 Kg7 37. Ke2 Rd5 38. Ke3 Nd6 39. Nd4 g5 40. Rg4 Nc4+ 41. Ke4 $1 Re5+ 42. Kd3 Nxb2+ 43. Kc2 Nc4 44. Nf3 Rc5 45. Rxg5+ Rxg5 46. Nxg5 Kf6 47. Nf3 (47. Ne4+ Kf5 48. Kd3 Ne5+ 49. Ke3 b6 $14) 47... Nd6 48. Kd3 c5 49. a4 b5 50. axb5 Nxb5 51. Kc4 Nd6+ 52. Kd5 (52. Kxc5 $5 Ne4+ $8 53. Kb5 $11) 52... Nb5 53. Kxc5 Nc3 54. Nd2 Nd1 55. f3 Ne3 56. g3 a4 57. Kb4 Nf5 58. g4 Ne3 59. Nc4 Ng2 ({Weaker is} 59... Nxc4 60. Kxc4 Kg5 61. Kb4 Kh4 62. Kxa4 Kg5 63. Kb4 Kf4 64. Kc5) 60. Kxa4 Kg5 61. Nd6 Nh4 62. Ne4+ Kf4 63. g5 Kxf3 64. g6 Nxg6 1/2-1/2

[Event "FIDE Open World Rapid 2024"]
[Site "New York"]
[Date "2024.12.27"]
[Round "6.32"]
[White "George, Kevin"]
[Black "Lou, Yiping"]
[Result "1/2-1/2"]
[ECO "B41"]
[WhiteElo "2270"]
[BlackElo "2459"]
[Annotator "ChessBase"]
[PlyCount "104"]
[EventDate "2024.12.14"]
[EventType "swiss"]
[EventCountry "USA"]
[SourceTitle "playchess.com"]
[Source "ChessBase"]
[SourceQuality "1"]
[TimeControl "900+10"]

1. e4 c5 2. Nf3 e6 3. d4 cxd4 4. Nxd4 a6 5. c4 Nf6 6. Nc3 Bb4 7. Qd3 d6 8. Nc2 Bxc3+ 9. bxc3 O-O 10. Ba3 Re8 11. Be2 d5 12. exd5 exd5 13. Ne3 dxc4 14. Qxd8 Rxd8 15. Nxc4 Nc6 16. Nb6 Rb8 17. O-O Be6 18. Rfd1 Ne4 19. Na4 Rxd1+ 20. Bxd1 Rd8 21. Bf3 Nd2 22. Bxc6 bxc6 23. Nc5 Nc4 24. Nxe6 fxe6 25. Bc5 Rd2 26. h3 Rd5 27. Ba7 Kf7 28. Rb1 Rb5 29. Rb4 Rxb4 30. cxb4 e5 31. Kf1 Ke6 32. Ke2 Kd5 33. Kd3 e4+ 34. Kc3 Nd6 35. a4 Nf5 36. Bc5 Nh4 37. g3 Nf3 38. Bf8 g6 39. Bh6 Ng1 40. h4 Nf3 41. Be3 Ne5 42. Ba7 h5 43. Bb6 Nf3 44. Be3 Ne1 45. Ba7 Nf3 46. Be3 Ne5 47. Ba7 Ng4 48. Bb6 Nh6 49. Ba7 Nf5 50. Bb6 Ng7 51. Ba7 Ne6 52. Be3 Ng7 1/2-1/2

[Event "FIDE Open World Rapid 2024"]
[Site "New York"]
[Date "2024.12.27"]
[Round "6.33"]
[White "Tari, Aryan"]
[Black "Safarli, Eltaj"]
[Result "1-0"]
[ECO "D02"]
[WhiteElo "2629"]
[BlackElo "2610"]
[Annotator "ChessBase"]
[PlyCount "67"]
[EventDate "2024.12.14"]
[EventType "swiss"]
[EventCountry "USA"]
[SourceTitle "playchess.com"]
[Source "ChessBase"]
[SourceQuality "1"]
[TimeControl "900+10"]

1. d4 Nf6 2. Nf3 d5 3. Bf4 c5 4. e3 Nc6 5. Nbd2 Bg4 6. c3 e6 7. Qb3 Qc8 8. h3 Bxf3 9. Nxf3 Be7 10. dxc5 O-O 11. Be2 Bxc5 12. O-O a6 13. Rfd1 h6 14. Ne5 Rd8 15. Nxc6 Qxc6 16. c4 Qb6 17. Bf3 Qxb3 18. axb3 Bd6 19. Bxd6 Rxd6 20. e4 Rb6 21. cxd5 exd5 22. e5 Ne4 23. Rxd5 Ng5 24. Bd1 Rc8 25. f4 Ne6 26. f5 Rc5 27. Rd7 Nf4 28. Ra4 Rd5 29. Rxd5 Nxd5 30. Rd4 Ne7 31. Rd8+ Kh7 32. Bc2 Nc6 33. f6+ g6 34. e6 1-0